 Dungeon Crawl Stone Soup version 0.31-a0-559-g03b8d61ab2 (webtiles) character file.

Game seed: 7630734852305389910

155 Ethylacetat the Insei (level 5, -5/21 HPs)
             Began as an Octopode Gladiator on Aug 17, 2023.
             Slain by an ogre
             ... wielding a +0 giant spiked club
              (26 damage)
             ... on level 3 of the Dungeon.
             The game lasted 00:02:38 (2058 turns).

Ethylacetat the Insei (Octopode Gladiator)          Turns: 2058, Time: 00:02:38

Health: -5/21      AC:  1    Str: 19    XL:     5   Next: 37%
Magic:  5/5        EV: 14    Int: 11    God:
Gold:   70         SH:  0    Dex: 15    Spells: 4/4 levels left

rFire   . . .        f - melded +1 dagger (venom)
rCold   . . .        (shield currently unavailable)
rNeg    . . .        a - +0 hat
rPois   .            (no amulet)
rElec   .            k - +6 ring of strength
rCorr   .            q - ring of willpower
SInv    .            (no ring)
Will    +....        (no ring)
Stlth   +            (no ring)
HPRegen 0.23/turn    (no ring)
MPRegen 0.09/turn    (no ring)
                     (no ring)

%: no passive effects
@: flux-form, glowing
A: glow, contaminating, reduced hp, almost no armour, amphibious, 8 rings,
camouflage 1, gelatinous body 1, (nimble swimmer 1), tentacles
a: Begin Untransformation


You were on level 3 of the Dungeon.
You were something dangerously unstable.
You visited 1 branch of the dungeon, and saw 3 of its levels.

You collected 70 gold pieces.

Inventory:

Hand Weapons
 f - a +1 dagger of venom (melded)
Missiles
 b - 3 throwing nets (quivered)
 c - a javelin
Armour
 a - a +0 hat (worn)
Jewellery
 k - a +6 ring of strength (left tentacle)
 q - a ring of willpower (right tentacle)
Talismans
 i - a flux talisman (active)
Wands
 x - a wand of roots (12)
Scrolls
 e - a scroll of brand weapon {unknown}
 h - a scroll of fog {unknown}
 l - a scroll of amnesia {unknown}
 m - a scroll of revelation {unknown}
 r - a scroll of identify {unknown}
 s - a scroll of teleportation {unknown}
 u - 2 scrolls of enchant weapon {unknown}
 w - a scroll of noise {unknown}
Potions
 d - a potion of cancellation
 g - a potion of might {unknown}
 j - a potion of attraction
 n - a potion of magic {unknown}
 o - a potion of lignification {unknown}
 p - a potion of heal wounds
 t - a potion of mutation {unknown}
 v - a potion of curing {unknown}


   Skills:
 + Level 3.0 Fighting
 - Level 2.0 Throwing
 + Level 3.8 Dodging
 + Level 3.9 Unarmed Combat
 * Level 1.9 Shapeshifting


You had 4 spell levels left.
You didn't know any spells.
Your spell library contained the following spells:

 Spells                   Type           Power      Damage    Failure   Level
 Frozen Ramparts          Ice            0%         1d1       71%         3
 Petrify                  Tmut/Erth      0%         N/A       98%         4
 Metabolic Englaciation   Hex/Ice        0%         N/A       100%        5


Dungeon Overview and Level Annotations

Branches:
Dungeon (3/15)

Altars:


Innate Abilities, Weirdness & Mutations

You are something dangerously unstable.
You glow with magical radiation, making you easy to see and hit.
Foes you strike become dangerously contaminated with magical radiation.
Your maximum health is decreased, since you lack skill for your form.
You are incapable of wielding weapons or throwing items.
You cannot wear most types of armour.
You are amphibious.
You can wear up to eight rings at the same time.
Your skin changes colour to match your surroundings (Stealth+).
Your rubbery body absorbs attacks. (AC +1, EV +1)
((You are camouflaged when in or above water. (Stealth+)))
You have tentacles for arms and can constrict up to eight enemies at once.


Message History

There is an escape hatch in the ceiling here.
A mysterious force pulls you upwards. The hatch slams shut behind you.
There is an open door here.
There is a stone staircase leading down here.
You begin transforming.
You continue transforming. x3
You turn into something dangerously unstable.
Your +1 dagger of venom melds into your body.
Your +1 dagger of venom stops dripping with poison.
HP restored.
You climb downwards.
There is a stone staircase leading up here.
Found a robe.
No target in view!
No target in view!
You see here a +0 robe.
A quokka comes into view.
A quokka is nearby!
The quokka bites you.
You closely miss the quokka. Your grab misses the quokka.
Your squeeze misses the quokka. The quokka bites you.
You tentacle-slap the quokka.
The quokka begins to glow.
Your grab misses the quokka. Your squeeze misses the quokka.
The quokka is almost dead.
The quokka closely misses you.
You tentacle-slap the quokka.
You kill the quokka!
No target in view!
An ogre is nearby!
No target in view!
HP restored.
An ogre is nearby!
The ogre shouts!
Attack: -) Tentacles
Press: ? - help, Dir - move target, f - you
Okay, then.
You barely miss the ogre. You squeeze the ogre.
The ogre is moderately wounded.
The ogre hits you with a +0 giant spiked club!!
Ouch! That really hurt!
You die...

....##....<#...##.#
...................#
####.##.#..........###
#.##.#.##.#####...###
#..†...##............
#.##.#.##.......#####
#...............+....
#..#.#+##.......#####
#...BO...............
#.##............#####
...##......####### #
..........##.#
#####...........
#......... . .......#
#....####^# #......#
#....# .. #......#
#......#


You could see an ogre.

Vanquished Creatures
  Terence (D:3)
  7 adders (D:2)
  A worm (D:2)
  2 dart slugs (D:1)
  2 ball pythons
  9 endoplasms
  2 giant cockroaches
  4 goblins (D:1)
  2 hobgoblins (D:1)
  7 jackals
  7 kobolds
  2 quokkas (D:3)
  5 bats (D:1)
  3 frilled lizards
  2 rats (D:2)
56 creatures vanquished.

Notes
Turn   | Place    | Note
-------+----------+-------------------------------------------
     0 | D:1      | Ethylacetat the Octopode Gladiator began the quest for the
                  | Orb.
     0 | D:1      | Reached XP level 1. HP: 14/14 MP: 1/1
   146 | D:1      | Reached XP level 2. HP: 19/19 MP: 2/2
   369 | D:1      | Reached XP level 3. HP: 25/25 MP: 3/3
   820 | D:2      | Reached skill level 1 in Shapeshifting
   820 | D:2      | Reached XP level 4. HP: 30/30 MP: 4/4
  1256 | D:2      | Reached XP level 5. HP: 36/36 MP: 5/5
  1641 | D:3      | Noticed Terence
  1649 | D:3      | Killed Terence
  1899 | D:3      | Noticed an ogre
  2058 | D:3      | Slain by an ogre

Illustrated notes

Levels and vault maps discovered:
D:1:      elethiomel_arrival_infinity_welcomes_careful_drivers, layout_basic
D:2:      layout_basic, minmay_octomino_c4
D:3:      layout_basic, lemuel_tele_altar, mainiacjoe_overflow_paths,
          nzn_wu_jian_contemplation, serial_co_window_serial, co_window_paths_a,
          co_window_corner_a, co_window_corner_a, co_window_of_opportunity_a,
          co_window_paths_a, co_window_2corner, co_window_corner_b,
          co_window_broadway_a, co_window_2corner, co_window_broadway_b,
          co_window_corner_b, co_window_paths_e, st_stairs_6,
          nicolae_underground_beach, uniq_terence

Skill      XL: |  1  2  3  4 |
---------------+-------------+-----
Shapeshifting  | 1 |  1.9
Fighting       | 3 |  3.0
Throwing       | |  2.0
Dodging        | |  3.8
Unarmed Combat | |  3.9

Action                     |  1- 3 |  4- 6 || total
---------------------------+-------+-------++-------
  Melee: Unarmed           |    19 |     4 ||    23
         Constrict         |    12 |    15 ||    27
         Tentacles         |     9 |    14 ||    23
         Dagger            |    40 |    58 ||    98
         Punch             |       |     3 ||     3
    Use: Potion            |       |     3 ||     3
   Stab: Sleeping          |     6 |     6 ||    12
 Armour: Skin              |     7 |     7 ||    14
  Dodge: Dodged            |    31 |    58 ||    89
   Form: Flux              |       |     1 ||     1

Table legend: (Time is in decaauts)
 A = Elapsed time spent in this place.
 B = Non-inter-level travel time spent in this place.
 C = Inter-level travel time spent in this place.
 D = Time resting spent in this place.
 E = Time spent auto-exploring this place.
 F = Levels seen in this place.
 G = Mean time per level.
                   A        B        C        D        E       F      G
               +--------+--------+--------+--------+--------+-----+--------+
         Total |   2055 |   1965 |     90 |      0 |   1561 |   3 |  685.0 |
       Dungeon |   2055 |   1965 |     90 |      0 |   1561 |   3 |  685.0 |
               +--------+--------+--------+--------+--------+-----+--------+

Top non-repeatable levels by time:
     D:2: 1011 daAuts
     D:1: 681 daAuts
     D:3: 363 daAuts
